 Dungeon Crawl Stone Soup version 0.29-a0-364-g921d912d32 (webtiles) character file.

Game seed: 9527925483707735824

3284 spiderkeys the Fighter (level 10, -4/107 HPs)
             Began as an Ogre Abyssal Knight on May 1, 2022.
             Was an Elder of Lugonu.
             Slain by a two-headed ogre
             ... wielding a +0 giant club
              (26 damage)
             ... on level 7 of the Dungeon.
             The game lasted 00:12:08 (8788 turns).

spiderkeys the Fighter (Ogre Abyssal Knight)        Turns: 8788, Time: 00:12:08

Health: -4/107     AC:  9    Str: 19    XL:     10   Next: 0%
Magic:  16/16      EV: 12    Int: 15    God:    Lugonu [****..]
Gold:   114        SH:  0    Dex: 15    Spells: 12/17 levels left

rFire   . . .      SeeInvis .   q - +7 Throatcutter {drain, coup de grace}
rCold   . . .      Faith    .   (no shield)
rNeg    . . .      Spirit   .   u - +2 robe {Archmagi}
rPois   .          Reflect  .   (helmet restricted)
rElec   .          Harm     .   (no cloak)
rCorr   .          Rampage  .   (gloves unavailable)
Will    +....      Archmagi +   (boots unavailable)
Stlth   +.........              (no amulet)
HPRegen 0.27/turn               D - +6 ring of dexterity
MPRegen 0.15/turn               O - +4 ring of protection

@: no status effects
A: large, unfitting armour, tough skin 1
a: Renounce Religion, Depart the Abyss, Bend Space, Banish, Corrupt


You were on level 7 of the Dungeon.
You worshipped Lugonu.
Lugonu was greatly pleased with you.
You visited 1 branch of the dungeon, and saw 7 of its levels.
You visited the Abyss 1 time.

You collected 331 gold pieces.
You spent 217 gold pieces at shops.


Innate Abilities, Weirdness & Mutations

You are too large for most types of armour.
You have tough skin. (AC +1)


   Skills:
 + Level 9.5 Fighting
 + Level 6.8 Axes
 + Level 6.3 Dodging
 + Level 4.3 Spellcasting
 + Level 3.5 Earth Magic
 - Level 6.0 Invocations


You had 12 spell levels left.
You knew the following spells:

 Your Spells              Type           Power      Damage    Failure   Level
l - Lee's Rapid Deconstr  Erth           10%        3d9*      75%         5

Your spell library contained the following spells:

 Spells                   Type           Power      Damage    Failure   Level
 Leda's Liquefaction      Hex/Erth       6%         N/A       63%         4
 Statue Form              Tmut/Erth      8%         N/A       100%        6

Inventory:

Hand Weapons
 a - a +2 hand axe of protection
 q - the +7 Throatcutter (weapon) {drain, coup de grace}
   (You found it on level 3 of the Dungeon)

   A truly terrible weapon, it drains the life of any living foe it strikes.
   It may instantly kill foes which have little health.
 Q - the +5 hunting sling of Prescription {venom, Drain rElec rF+ Dex+4}
   (You bought it in a shop on level 1 of the Dungeon)

   Any ammunition fired from it poisons the flesh of those it strikes.
   Dex:       It affects your dexterity (+4).
   rF:        It protects you from fire.
   rElec:     It insulates you from electricity.
   Drain:     It drains your maximum health when unequipped.
Missiles
 f - 226 stones
 m - 4 atropa-tipped darts
 o - 4 javelins
 F - 17 poisoned darts
 M - 2 large rocks {=f}
 U - a boomerang
Armour
 b - a +0 robe
 c - a +0 robe
   (You found it on level 1 of the Dungeon)
 u - a +2 robe of the Archmagi (worn)
   (You took it off Sigmund on level 4 of the Dungeon)
 y - a +0 robe
   (You took it off a wight on level 4 of the Dungeon)
 B - a +0 robe
   (You found it on level 4 of the Dungeon)
 E - a +1 robe of willpower
   (You took it off Dowan on level 4 of the Dungeon)
 G - a +0 robe
   (You took it off an orc wizard on level 5 of the Dungeon)
 H - a +0 robe
   (You took it off an orc wizard on level 5 of the Dungeon)
 I - a +0 robe
   (You took it off an orc wizard on level 5 of the Dungeon)
 J - a +0 robe
   (You took it off a wight on level 6 of the Dungeon)
 L - +0 steam dragon scales
   (You found it on level 6 of the Dungeon)
 S - a +0 robe
   (You took it off a wight on level 6 of the Dungeon)
Magical Staves
 l - a staff of fire {!a}
   (You found it on level 2 of the Dungeon)
Jewellery
 C - a ring of protection from cold
   (You found it on level 5 of the Dungeon)
 D - a +6 ring of dexterity (left hand)
   (You found it on level 1 of the Dungeon)
 N - a ring of willpower
   (You took it off Edmund on level 6 of the Dungeon)
 O - a +4 ring of protection (right hand)
   (You found it on level 3 of the Dungeon)
Wands
 v - a wand of flame (21)
   (You took it off Sigmund on level 4 of the Dungeon)
 x - a wand of acid (23)
   (You found it on level 4 of the Dungeon)
 T - a wand of mindburst (10)
   (You took it off a wight on level 6 of the Dungeon)
Scrolls
 e - 2 scrolls of brand weapon
 g - 2 scrolls of identify {@r1}
 i - a scroll of blinking {!r}
 j - 2 scrolls of fog
 r - a scroll of magic mapping {!r}
 s - a scroll of noise {!r}
 t - 3 scrolls of teleportation {@r4}
 R - a scroll of enchant armour
Potions
 d - 3 potions of attraction {unknown}
 h - 3 potions of curing {@q1}
 k - 2 potions of flight {unknown}
 n - 4 potions of haste {unknown}
 p - 2 potions of mutation {unknown}
 w - a potion of degeneration {unknown}
 z - 2 potions of heal wounds {unknown}
 A - a potion of lignification {unknown}
 K - a potion of might {unknown}
 P - a potion of invisibility {unknown}

Dungeon Overview and Level Annotations

Branches:
Dungeon (7/15)             Temple (0/1) D:5

Altars:
Fedhas
Makhleb
Qazlal
Ru
Uskayaw
Xom
Yredelemnul

Shops:
D:1 * D:4

* #.##
##.≈.≈...≈.≈..
#.<.
#..≈.≈._.≈...#
##.##...
#..≈!§...≈.≈.#
........
#.)≈.≈≈.≈≈.≈.#
##.##..#
#..≈.......≈.# ##
#..#
...≈≈≈≈≈≈≈≈≈.###.#
....#
#...............#
###.##
#O@........# #.##
......(.##..###...
..#.
####.#####..##.. #
###.
#........##.#.# #.
########.##.#.# #.
#....†<.# #.
#.###.#########.
#.#.....#.......
.................


You could see a two-headed ogre (drained).


Message History

You feel sick. 😕 HP[-1]
You take 1 damage, and now have 76/100 hp.
You feel sick.
You are no longer poisoned. 😮 HP[-1]
You take 1 damage, and now have 75/100 hp.
Key pressed, stopping explore.
Key pressed, stopping explore.
Items here: ))) ††.
Key pressed, stopping explore.
A water moccasin and a jelly come into view.
The jelly moves out of view. 😎 HP[+25]
Your hp is fully restored (100).
There are monsters nearby!
There are monsters nearby!
Found a stone staircase leading up.
The jelly quivers.
The water moccasin hisses angrily.
You hit the water moccasin but do no damage.
You drain the water moccasin. The water moccasin closely misses you.
The water moccasin completely misses you.
You slash the water moccasin! You drain the water moccasin.
The water moccasin bites you but does no damage.
You slash the water moccasin!
You kill the water moccasin!
Lugonu accepts your kill. The jelly hits you but does no damage.
The jelly hits you. The acid corrodes you!
You are splashed with acid!
You have reached level 10! 😕 HP[-4] MP[+1]
You now have 107 max hp (+7).
Your mp is fully restored (16).
You slash the jelly! You drain the jelly.
Your hands burn!
The jelly misses you. 😕 HP[-1]
You take 1 damage, and now have 95/107 hp.
You slash the jelly!
You kill the jelly!
Lugonu accepts your kill.
No target in view!
No target in view!
No target in view!
You are no longer corroded.
Key pressed, stopping explore.
Found a sacrificial altar of Ru. 😎 HP[+12]
Your hp is fully restored (107).
A two-headed ogre comes into view. It is wielding two +0 giant clubs.
The two-headed ogre shouts in stereo!
A two-headed ogre is nearby!
A two-headed ogre is nearby!
No target in view!
Throw: 3 large rocks {=f}
Press: ? - help, Shift-Dir - straight line, f - two-headed ogre
Aim: a two-headed ogre, wielding two +0 giant clubs (77% to hit)
You throw a large rock {=f}.
The large rock {=f} barely misses the two-headed ogre.
The two-headed ogre hits you with a +0 giant club!
The two-headed ogre closely misses you. 😕 HP[-11]
You take 11 damage, and now have 96/107 hp.
You slash the two-headed ogre! 😕 HP[+1]
You hit the two-headed ogre.
The two-headed ogre hits you with a +0 giant club!
The two-headed ogre misses you. 😕 HP[-11]
You take 11 damage, and now have 86/107 hp.
You slash the two-headed ogre! You drain the two-headed ogre.
The two-headed ogre hits you with a +0 giant club!
The two-headed ogre closely misses you. 😮 HP[-14]
You take 14 damage, and now have 72/107 hp.
You barely miss the two-headed ogre.
The two-headed ogre hits you with a +0 giant club!!
* * * LOW HITPOINT WARNING * * *
The two-headed ogre misses you. 😨 HP[-31]
You take 31 damage, and now have 41/107 hp.
MASSIVE DAMAGE!! (PAUSE)
You hit the two-headed ogre.
The two-headed ogre hits you with a +0 giant club!
* * * LOW HITPOINT WARNING * * *
The two-headed ogre barely misses you. 😨 HP[-11]
You take 11 damage, and now have 30/107 hp.
You barely miss the two-headed ogre. You punch the two-headed ogre.
The two-headed ogre barely misses you.
The two-headed ogre hits you but does no damage. 😨 HP[+1]
You completely miss the two-headed ogre.
The two-headed ogre barely misses you.
The two-headed ogre hits you with a +0 giant club!
* * * LOW HITPOINT WARNING * * *
😱 HP[-9]
You take 9 damage, and now have 22/107 hp.
You slash the two-headed ogre!
The two-headed ogre hits you with a +0 giant club!!
You die...

Skill      XL: |  1  2  3  4  5  6  7  8  9 |
---------------+----------------------------+-----
Invocations    | 3 4 5 6 |  6.0
Fighting       | 5 6 8 9 |  9.5
Axes           | 3 4 5 6 |  6.8
Dodging        | 3 4 5 6 |  6.3
Spellcasting   | 2 4 |  4.3
Earth Magic    | 1 3 |  3.5

Action                   |  1- 3 |  4- 6 |  7- 9 | 10-12 || total
-------------------------+-------+-------+-------+-------++-------
Melee: Hand axe          |    79 |    68 |       |       ||   147
       Long sword        |       |    57 |   202 |    10 ||   269
       Punch             |       |     2 |     1 |     1 ||     4
Throw: Javelin           |       |       |     2 |       ||     2
       Large rock        |       |       |       |     1 ||     1
Invok: Bend Space        |       |       |     8 |       ||     8
  Use: Scroll            |       |     4 |    10 |       ||    14
       Potion            |       |       |     3 |       ||     3
 Stab: Sleeping          |     2 |     4 |     1 |       ||     7
Armor: Robe              |    27 |    33 |    94 |     1 ||   155
Dodge: Dodged            |    47 |    62 |   132 |     8 ||   249

Levels and vault maps discovered:
D:1:      wander_arrival_peaceful_grave, layout_loops_ring, serial_shops, shop
D:2:      layout_rooms, basic_altar, ebering_ecumenical_altar_webs
D:3:      layout_basic, eat_drink_and_be_merry_uskayaw, minmay_lizard_king
D:4:      minmay_chambers_of_fours, layout_basic, serial_shops,
          kennysheep_little_box, minmay_misc_feat_doors, minmay_diced_spiral,
          uniq_duvessa, uniq_natasha, uniq_grinder, uniq_sigmund
D:5:      layout_layer_cave, minmay_temple_entry_glassed_door, nrook_mini_vaults
D:6:      layout_basic, grunt_temple_overflow_champion_of_chaos,
          mainiacjoe_overflow_paths, minmay_misc_feat_tower,
          hangedman_feature_mirror, uniq_edmund
D:7:      layout_loops_cross, mainiacjoe_overflow_concentric_impassable,
          kennysheep_generic_room_9, uniq_menkaure, uniq_joseph

Notes
Turn   | Place    | Note
-------+----------+-------------------------------------------
     0 | Abyss:1  | spiderkeys the Ogre Abyssal Knight began the quest for the
                  | Orb.
     0 | Abyss:1  | Reached XP level 1. HP: 24/24 MP: 2/2
     0 | Abyss:1  | magus.rc [v1.11.3]
    13 | D:1      | You pass through the gate.
    13 | D:1      | Escaped the Abyss
   146 | D:1      | Reached XP level 2. HP: 32/32 MP: 3/3
   355 | D:1      | Found Nudax's Assorted Antiques.
   378 | D:1      | Reached XP level 3. HP: 34/40 MP: 4/4
  1152 | D:2      | Reached XP level 4. HP: 35/49 MP: 6/6
  1306 | D:2      | Reached *** piety under Lugonu
  1374 | D:2      | Found a basalt altar of Yredelemnul.
  1572 | D:2      | Found a faded altar of an unknown god.
  1666 | D:3      | Found a hide-covered altar of Uskayaw.
  1927 | D:3      | Reached skill level 3 in Invocations
  2249 | D:3      | Found the +7 Throatcutter {drain, coup de grace}
  2515 | D:3      | Reached skill level 5 in Fighting
  2515 | D:3      | Reached skill level 3 in Axes
  2585 | D:3      | Reached XP level 5. HP: 57/57 MP: 7/7
  2623 | D:3      | Reached skill level 3 in Dodging
  3076 | D:4      | Reached XP level 6. HP: 63/66 MP: 8/8
  3104 | D:4      | Identified a +1 robe of the Archmagi
  3104 | D:4      | Noticed Sigmund
  3109 | D:4      | Noticed Natasha
  3140 | D:4      | Killed Natasha
  3252 | D:4      | Killed Sigmund
  3253 | D:4      | Reached skill level 6 in Fighting
  3253 | D:4      | Reached skill level 4 in Axes
  3253 | D:4      | Reached skill level 4 in Invocations
  3253 | D:4      | Reached XP level 7. HP: 75/75 MP: 8/10
  3557 | D:4      | Reached **** piety under Lugonu
  3574 | D:4      | Noticed Natasha
  3578 | D:4      | Killed Natasha
  3590 | D:4      | Noticed Natasha
  3594 | D:4      | Killed Natasha
  3595 | D:4      | Reached skill level 4 in Dodging
  3595 | D:4      | Noticed Grinder
  3612 | D:4      | Killed Grinder
  3613 | D:4      | Reached skill level 5 in Invocations
  3669 | D:4      | Found Dymmuid's Assorted Antiques.
  3788 | D:4      | Reached XP level 8. HP: 62/83 MP: 11/11
  4003 | D:4      | Noticed Duvessa
  4003 | D:4      | Noticed Dowan
  4012 | D:4      | Killed Duvessa
  4013 | D:4      | Reached skill level 7 in Fighting
  4016 | D:4      | Killed Dowan
  4410 | D:5      | Entered Level 5 of the Dungeon
  4522 | D:5      | Reached skill level 5 in Axes
  5190 | D:5      | Reached skill level 5 in Dodging
  5297 | D:5      | You pick up a book of the Earth and begin reading...
  5297 | D:5      | You add the spells Leda's Liquefaction, Lee's Rapid
                  | Deconstruction and Statue Form to your library.
  5304 | D:5      | Learned a level 5 spell: Lee's Rapid Deconstruction
  5425 | D:5      | Found a staircase to the Ecumenical Temple.
  5643 | D:6      | Found a stormy altar of Qazlal.
  5651 | D:6      | Reached skill level 1 in Spellcasting
  5651 | D:6      | Reached skill level 6 in Invocations
  5654 | D:6      | Reached skill level 8 in Fighting
  5654 | D:6      | Reached skill level 1 in Earth Magic
  5910 | D:6      | Found a blossoming altar of Fedhas.
  5969 | D:6      | Reached skill level 2 in Spellcasting
  5969 | D:6      | Reached XP level 9. HP: 96/96 MP: 13/13
  6019 | D:6      | Found a burning altar of Makhleb.
  6019 | D:6      | Found a shimmering altar of Xom.
  6245 | D:6      | Noticed Edmund
  6253 | D:6      | Reached skill level 2 in Earth Magic
  6259 | D:6      | Killed Edmund
  6260 | D:6      | Reached skill level 6 in Axes
  6629 | D:6      | Found a hide-covered altar of Uskayaw.
  6875 | D:1      | Bought a crystal hunting sling for 188 gold pieces
  6875 | D:1      | Identified the +5 hunting sling of Prescription {venom,
                  | Drain rElec rF+ Dex+4} (You bought it in a shop on level 1
                  | of the Dungeon)
  6875 | D:1      | Bought a scroll labelled XEILIY TEZ TAA for 29 gold pieces
  7182 | D:7      | Noticed Menkaure
  7188 | D:7      | Killed Menkaure
  7189 | D:7      | Reached skill level 3 in Spellcasting
  7585 | D:7      | HP: 24/97 [killer bee (6)]
  7586 | D:7      | HP: 11/97 [killer bee (3)]
  7605 | D:7      | HP: 11/97 [wight/+0 short sword (8)]
  7938 | D:6      | Reached skill level 9 in Fighting
  8033 | D:6      | Reached skill level 6 in Dodging
  8137 | D:6      | Reached skill level 3 in Earth Magic
  8304 | D:7      | Noticed Joseph
  8315 | D:7      | Killed Joseph
  8316 | D:7      | Reached skill level 4 in Spellcasting
  8725 | D:7      | Reached XP level 10. HP: 96/107 MP: 16/16
  8774 | D:7      | Found a sacrificial altar of Ru.
  8776 | D:7      | Noticed a two-headed ogre
  8787 | D:7      | HP: 22/107 [two-headed ogre/+0 giant club (9)]
  8788 | D:7      | Slain by a two-headed ogre

Vanquished Creatures
  Joseph (D:7)
  Grinder (D:4)
  Sigmund (D:4)
  A steam dragon (D:6)
  Menkaure (D:7)
  Edmund (D:6)
  Duvessa (D:4)
  A water moccasin (D:7)
  An ice beast (D:6)
  An orc warrior (D:6)
  2 black bears
  An ogre (D:6)
  A kobold brigand (D:7)
  A necrophage (D:4)
  2 scorpions
  3 wights
  Dowan (D:4)
  5 killer bees (D:7)
  4 howler monkeys
  A crimson imp (D:6)
  2 hounds
  4 jellies
  A gnoll shaman (D:4)
  4 iguanas
  Natasha (thrice) (D:4)
  3 orc wizards (D:5)
  10 adders
  5 gnolls (D:3)
  A shadow imp (D:6)
  2 white imps
  2 ufetubi (D:5)
  A worm (D:3)
  A dart slug (D:4)
  14 orcs
  4 bats (D:1)
  6 endoplasms
  3 giant cockroaches
  10 goblins
  12 hobgoblins
  A jackal (D:4)
  9 kobolds
  7 quokkas
  8 ball pythons
  11 frilled lizards
  4 rats
159 creatures vanquished.

Vanquished Creatures (others)
  6 plants (D:3)
6 creatures vanquished.

Grand Total: 165 creatures vanquished

Table legend:
 A = Non-vault XP
 B = Vault XP
 C = Vault XP percentage of total XP
 D = Non-vault monster count
 E = Vault monster count
 F = Vault count percentage of total count
                 A         B        C        D         E       F
            +---------+---------+-------+---------+---------+-------
      Total |    2941 |    1751 |  37.3 |     133 |      26 |  16.4
            +---------+---------+-------+---------+---------+-------
        D:1 |      42 |       0 |   0.0 |      26 |       0 |   0.0
        D:2 |      54 |       0 |   0.0 |      18 |       0 |   0.0
        D:3 |     144 |       6 |   4.0 |      21 |       6 |  22.2
        D:4 |     341 |     845 |  71.2 |      21 |      14 |  40.0
        D:5 |     435 |       0 |   0.0 |      14 |       0 |   0.0
        D:6 |    1162 |     267 |  18.7 |      16 |       4 |  20.0
        D:7 |     763 |     633 |  45.3 |      17 |       2 |  10.5
            +---------+---------+-------+---------+---------+-------

Illustrated notes

Table legend:
 A = Kills in this place as a percentage of kills in entire the game.
 B = Kills by you in this place as a percentage of kills by you in the entire game.
 C = Kills by friends in this place as a percentage of kills by friends in the entire game.
 D = Other kills in this place as a percentage of other kills in the entire game.
 E = Experience gained in this place as a percentage of experience gained in the entire game.
 F = Experience gained in this place divided by the number of levels of this place that you have seen.
                   A       B       C       D       E      F
               +-------+-------+-------+-------+-------+----------------------
         Total | 100.0 | 100.0 |   N/A |   N/A | 100.0 | 586.5
       Dungeon | 100.0 | 100.0 |   N/A |   N/A | 100.0 | 670.3
               +-------+-------+-------+-------+-------+----------------------

Table legend: (Time is in decaauts)
 A = Elapsed time spent in this place.
 B = Non-inter-level travel time spent in this place.
 C = Inter-level travel time spent in this place.
 D = Time resting spent in this place.
 E = Time spent auto-exploring this place.
 F = Levels seen in this place.
 G = Mean time per level.
                   A        B        C        D        E       F      G
               +--------+--------+--------+--------+--------+-----+--------+
         Total |   8931 |   8381 |    550 |   1688 |   5427 |   8 | 1116.4 |
       Dungeon |   8918 |   8368 |    550 |   1688 |   5420 |   7 | 1274.0 |
         Abyss |     13 |     13 |      0 |      0 |      7 |   1 |   13.0 |
               +--------+--------+--------+--------+--------+-----+--------+

Top non-repeatable levels by time:
     D:6: 1884 daAuts
     D:4: 1483 daAuts
     D:3: 1445 daAuts
     D:5: 1195 daAuts
     D:7: 1076 daAuts
     D:1: 962 daAuts
     D:2: 871 daAuts
 Abyss:1: 13 daAuts
